 Dungeon Crawl Stone Soup version 0.25-a0-496-g8c4878dea3 (webtiles) character file.

Game seed: 15993269308414654865, levelgen mode: deterministic

361 Forecaster the Magician (level 6, 0/50 HPs)
             Began as a Naga Wizard on Feb 12, 2020.
             Was an Initiate of Vehumet.
             Slain by Pikel
             ... wielding a +1 whip of flaming
              (2 damage)
             ... on level 4 of the Dungeon.
             The game lasted 00:37:48 (3513 turns).

Forecaster the Magician (Naga Wizard)               Turns: 3513, Time: 00:37:48

Health: 0/50       AC:  4    Str:  7 (10) XL:     6   Next: 66%
Magic:  7/13       EV:  9    Int: 19 (20) God:    Vehumet [......]
Gold:   184        SH:  0    Dex:  6 (9)  Spells: 6/14 levels left

rFire    . . .     SeeInvis +   n - +0 spear
rCold    . . .     Gourm    .   (no shield)
rNeg     . . .     Faith    .   m - +0 leather armour
rPois    +         Spirit   .   b - +0 hat
rElec    .         Reflect  .   j - +0 cloak
rCorr    .         Harm     .   (no gloves)
MR       .....                  (no barding)
Stlth    ++........             k - amulet of the acrobat
HPRegen  0.16/turn              t - ring of wizardry
MPRegen  0.13/turn              (no ring)

@: very slightly contaminated, very slow
A: large, see invisible, deformed body, poison resistance, slowness 2, slow
metabolism 1, spit poison 1, AC +2
a: Spit Poison, Renounce Religion


You were on level 4 of the Dungeon.
You worshipped Vehumet.
Vehumet was noncommittal.
You were not hungry.

You visited 1 branch of the dungeon, and saw 4 of its levels.

You collected 184 gold pieces.

Inventory:

Hand Weapons
 e - a +0 dagger
 f - a +0 dagger
 h - a +0 dagger
 i - a +0 whip
 l - a +0 dagger
 n - a +0 spear (weapon)
 o - a +0 hunting sling
 s - a +0 hunting sling
 u - a +0 short sword
 z - a +0 short sword
 A - a +0 short sword
 C - a +0 spear
 E - a +0 dagger of venom
 J - a +0 dagger
 O - a +0 trident
Missiles
 g - 38 sling bullets
 q - 118 stones (quivered)
 H - 17 poisoned darts
 N - 25 bolts
Armour
 a - a +0 robe
 b - a +0 hat (worn)
 c - a +0 leather armour
 j - a +0 cloak (worn)
 m - a +0 leather armour (worn)
 r - a +0 leather armour
 v - a +0 leather armour
 x - a +0 leather armour of positive energy
 y - a +0 leather armour
 B - a +0 helmet
 F - a +0 helmet
 K - a +0 robe
 M - a +0 chain mail
 P - a +0 ring mail
Jewellery
 k - an amulet of the acrobat (around neck)
 p - an uncursed ring of teleportation
 t - a ring of wizardry (left hand)
 w - an uncursed ring of see invisible
Scrolls
 D - 2 scrolls of remove curse
 G - a scroll of enchant armour {unknown}
Potions
 I - a potion of lignification {unknown}
 L - a potion of brilliance {unknown}
 Q - a potion of magic {unknown}
 S - a potion of berserk rage {unknown}
Comestibles
 d - 7 rations
 R - 4 chunks of flesh


   Skills:
 + Level 0.4 Fighting
 + Level 1.5 Polearms
 + Level 2.1 Armour
 + Level 2.2 Dodging
 + Level 3.4 Stealth
 + Level 4.7 Spellcasting
 + Level 1.5 Conjurations
 + Level 2.6 Summonings
   Level 1.0 Translocations


You had 6 spell levels left.
You knew the following spells:

 Your Spells              Type           Power        Failure   Level  Hunger
a - Magic Dart            Conj           ##..         4%          1    None
b - Call Imp              Summ           ##......     4%          2    #......
c - Slow                  Hex            #.......     12%         2    #......
d - Mephitic Cloud        Conj/Pois/Air  #.......     17%         3    ##.....

Your spell library contained the following spells:

 Spells                   Type           Power        Failure   Level  Hunger
 Blink                    Tloc           N/A          8%          2    #......
 Conjure Flame            Conj/Fire      #.......     16%         3    ##.....


Dungeon Overview and Level Annotations

Branches:
Dungeon (4/15)
 Temple: D:4-7

Altars:
Trog
Uskayaw
Vehumet
Xom
Zin

Annotations:
D:4 Pikel


Innate Abilities, Weirdness & Mutations

You cannot wear boots.
Your serpentine skin is tough. (AC +2)
You have supernaturally acute eyesight. (SInv)
Armour fits poorly on your strangely shaped body.
Your system is resistant to poisons. (rPois)
You cover ground very slowly.
You have a slow metabolism.
You can spit poison.


Message History

You hit the slave but do no damage.
The slave is lightly wounded.
The moth of wrath goads Pikel on!
Pikel goes berserk!
The moth of wrath goads the slave on!
The slave goes berserk!
The slave hits you.
Your crimson imp blinks!
You hit the slave.
The slave is moderately wounded.
Pikel rages.
You hit Pikel but do no damage.
Pikel hits you with a +1 whip of flaming!
* * * LOW HITPOINT WARNING * * *
Pikel burns you.
* * * LOW HITPOINT WARNING * * *
The slave barely misses you.
Your crimson imp hits the slave but does no damage.
Pikel hits you with a +1 whip of flaming!
* * * LOW HITPOINT WARNING * * *
Pikel burns you.
You die...

....###...# ##....###
#.........###.......##
...........#......§..#
..........##....#....##
..........##...###..))#
.......##...÷.5#y#._..#
........####..5###....#
.........# #...p#....##
#.......## #...K@....#
#....#### ##......)##
##...# ##....### #....#
###### .....# ##...# #)


You could see a moth of wrath, Pikel (berserk), a slave (berserk) and 2 friendly
crimson imps.

Vanquished Creatures
  Robin (D:3)
  2 adders (D:2)
  An ooze (D:4)
  A dart slug (D:2)
  3 ball pythons
  3 bats
  2 giant cockroaches
  9 goblins
  7 hobgoblins
  2 jackals (D:2)
  5 kobolds
  A quokka (D:2)
  5 frilled lizards
  8 rats
50 creatures vanquished.

Vanquished Creatures (collateral kills)
  Menkaure (D:4)
  Duvessa (D:4)
  A water moccasin (D:3)
  3 slaves
  Dowan (D:4)
  2 worker ants (D:4)
  3 adders
  2 worms
  An orc (D:4)
  A giant cockroach (D:1)
  4 hobgoblins (D:3)
  A jackal (D:2)
  A kobold (D:3)
  5 goblins
  A rat (D:4)
28 creatures vanquished.

Grand Total: 78 creatures vanquished

Notes
Turn   | Place    | Note
-------+----------+-------------------------------------------
     0 | D:1      | Forecaster the Naga Wizard began the quest for the Orb.
     0 | D:1      | Reached XP level 1. HP: 15/15 MP: 4/4
   126 | D:1      | Reached XP level 2. HP: 22/22 MP: 0/6
   347 | D:1      | Learned a level 2 spell: Call Imp
   684 | D:2      | Reached XP level 3. HP: 14/28 MP: 2/8
   912 | D:2      | Found a shimmering altar of Xom.
   912 | D:2      | Found a hide-covered altar of Uskayaw.
   920 | D:2      | Reached XP level 4. HP: 23/36 MP: 3/9
   953 | D:2      | Found a radiant altar of Vehumet.
   955 | D:2      | Found a glowing silver altar of Zin.
   956 | D:2      | Found a faded altar of an unknown god.
   960 | D:2      | Became a worshipper of Vehumet
  1054 | D:2      | Reached skill level 1 in Polearms
  1471 | D:3      | Noticed Robin
  1496 | D:3      | Reached skill level 1 in Armour
  1503 | D:3      | Killed Robin
  1744 | D:3      | Noticed a water moccasin
  1830 | D:3      | Killed a water moccasin
  1830 | D:3      | Reached XP level 5. HP: 13/42 MP: 6/10
  1893 | D:3      | Learned a level 2 spell: Slow
  1897 | D:3      | Learned a level 3 spell: Mephitic Cloud
  2340 | D:4      | Noticed Menkaure
  2351 | D:4      | Killed Menkaure
  2351 | D:4      | Reached skill level 4 in Spellcasting
  2363 | D:4      | Noticed a slave
  2402 | D:4      | Noticed Duvessa
  2402 | D:4      | Noticed Dowan
  2691 | D:4      | Noticed a slave
  2694 | D:4      | Noticed a slave
  2699 | D:4      | Noticed a slave
  2731 | D:3      | Killed a slave
  2740 | D:3      | Killed a slave
  3002 | D:4      | Killed a slave
  3136 | D:4      | Killed Duvessa
  3136 | D:4      | Reached XP level 6. HP: 31/50 MP: 7/12
  3161 | D:4      | Killed Dowan
  3356 | D:4      | Noticed a moth of wrath
  3359 | D:4      | Found a bloodstained altar of Trog.
  3506 | D:4      | Noticed Pikel
  3513 | D:4      | HP: 2/50 [Pikel/+1 whip of flaming (8)]
  3513 | D:4      | Slain by Pikel

Levels and vault maps discovered:
D:1:      saegor_arrival_simple_d, layout_rooms
D:2:      layout_basic, chequers_temple_overflow_minitemple,
          kennysheep_generic_room_11
D:3:      layout_basic, uniq_robin
D:4:      layout_cave_pools, first_ration, grunt_ministairs_6, tgw_trog,
          uniq_pikel, uniq_menkaure, uniq_duvessa

Skill      XL: |  1  2  3  4  5 |
---------------+----------------+-----
Polearms       | 1 |  1.5
Armour         | 1 2 |  2.1
Dodging        | 2 |  2.2
Spellcasting   | 4 |  4.7
Summonings     | 2 |  2.6
Fighting       | |  0.4
Stealth        | |  3.4
Conjurations   | |  1.5
Translocations | |  1.0

Action                   |  1- 3 |  4- 6 || total
-------------------------+-------+-------++-------
Melee: Unarmed           |     4 |       ||     4
       Dagger            |    26 |       ||    26
       Spear             |    28 |   119 ||   147
 Cast: Magic Dart        |    40 |    44 ||    84
       Call Imp          |     9 |    47 ||    56
  Use: Scroll            |     3 |     2 ||     5
       Potion            |       |     5 ||     5
 Stab: Sleeping          |     1 |     2 ||     3
  Eat: Chunk             |       |     4 ||     4
       Ration            |       |     1 ||     1
Armor: Robe              |     2 |       ||     2
       Leather armour    |    10 |    37 ||    47
Dodge: Dodged            |    59 |    96 ||   155

Table legend:
 A = Non-vault XP
 B = Vault XP
 C = Vault XP percentage of total XP
 D = Non-vault monster count
 E = Vault monster count
 F = Vault count percentage of total count
                 A         B        C        D         E       F
            +---------+---------+-------+---------+---------+-------
      Total |     227 |     289 |  56.0 |      52 |      23 |  30.7
            +---------+---------+-------+---------+---------+-------
        D:1 |      29 |       0 |   0.0 |      19 |       0 |   0.0
        D:2 |      64 |       4 |   5.9 |      18 |       2 |  10.0
        D:3 |     103 |      23 |  18.3 |      12 |      11 |  47.8
        D:4 |      31 |     262 |  89.4 |       3 |      10 |  76.9
            +---------+---------+-------+---------+---------+-------
